Map: Efflorescence LE

Players

qqq - Winner!

  • Race: Protoss Protoss
  • League: Platinum
  • Spawn Location: 9:00

Massa - Winner!

  • Race: Terran Terran
  • League: Platinum
  • Spawn Location: 6:00

Browbeat

  • Race: Zerg Zerg
  • League: Diamond
  • Spawn Location: 12:00

AKMujahid

  • Race: Zerg Zerg
  • Spawn Location: 3:00

VOD

Have the link to the VOD?

Description

Time

  • Played on: Dec. 29, 2020, 3:23 p.m.
  • Length: 53:15
Show
View Real Time Build Order
Export as new Build Order

qqq Protoss - Winner!

Build Orders: Cannon Rush 

Get SALT Encoding   

  12  0:00  Probe  
  13  0:14  Pylon  
  13  0:20  Probe  
  14  0:32  Probe  
  15  0:37  Forge  
  15  0:48  Pylon  
  15  1:12  Photon Cannon  
  15  1:15  Photon Cannon  
  15  1:28  Photon Cannon  
  15  1:39  Photon Cannon  
  15  1:47  Pylon  
  15  1:56  Probe  
  16  2:08  Probe  
  17  2:15  Photon Cannon  
  17  2:20  Probe  
  18  2:32  Probe  
Show
View Real Time Build Order
Export as new Build Order

Massa Terran - Winner!

Build Orders:  

Get SALT Encoding   

  12  0:00  SCV  
  13  0:12  SCV  
  14  0:22  Supply Depot  
  14  0:25  SCV  
  15  0:31  Refinery  
  15  0:43  SCV  
  15  0:46  Barracks  
  16  0:55  SCV  
  17  1:08  SCV  
  18  1:20  SCV  
  19  1:32  SCV  
  20  1:35  Supply Depot  
  20  1:38  Marine  
  21  1:56  Marine  
  21  2:00  Command Center  
  22  2:06  Factory  
  22  2:21  Marine  
  23  2:36  Orbital Command  
  23  2:38  Marine  
Show
View Real Time Build Order
Export as new Build Order

Browbeat Zerg 

Build Orders: Pool First 

Get SALT Encoding   

  12  0:00  Drone  
  13  0:16  Extractor, Drone  
  13  0:29  Spawning Pool  
  13  0:34  Drone  
  13  0:42  Drone  
  14  0:47  Overlord  
  14  1:16  Zergling x6  
  14  1:18  Metabolic Boost  
  17  1:41  Zergling x4  
  19  2:01  Hatchery  
Show
View Real Time Build Order
Export as new Build Order

AKMujahid Zerg 

Build Orders: Pool Only 

Get SALT Encoding   

  12  0:00  Drone  
  13  0:13  Drone  
  14  0:28  Spawning Pool  
  13  0:29  Extractor  
  13  0:33  Drone  
  13  0:39  Drone  
  14  0:47  Overlord  
  14  1:07  Drone  
  15  1:15  Zergling x4  
  15  1:16  Queen  
  19  1:21  Zergling x2  
  20  1:37  Zergling x2  
  21  1:50  Drone  
  22  1:55  Extractor  
  21  2:02  Drone  
  21  2:07  Roach Warren  
  19  2:35  Drone x3  
Tags
 
Add a new tag
Caveats
  • Supply blocks, unpowered buildings, or Contaminate may cause inaccurate times.
  • Supply counts are checked every 10 seconds.